 Dungeon Crawl Stone Soup version 0.21-a0-111-g52d2817 (webtiles) character file.

148 Duffy the Chopper (level 5, -3/38 HPs)
             Began as a Human Gladiator on July 11, 2017.
             Slain by Ijustatesigmund's ghost (15 damage)
             ... on level 3 of the Dungeon.
             The game lasted 00:02:53 (3179 turns).

Duffy the Chopper (Human Gladiator)                 Turns: 3179, Time: 00:02:54

Health: -3/38      AC:  4    Str: 15    XL:     5   Next: 56%
Magic:  5/5        EV: 13    Int:  9    God:
Gold:   119        SH:  0    Dex: 14    Spells: 4/4 levels left

rFire    . . .     SeeInvis .   g - +0 whip (holy)
rCold    . . .     Gourm    .   (no shield)
rNeg     . . .     Faith    .   b - +0 leather armour
rPois    .         Spirit   .   c - +0 helmet
rElec    .         Reflect  .   (no cloak)
rCorr    .         Harm     .   (no gloves)
MR       .....                  (no boots)
Stlth    +.........             (no amulet)
HPRegen  0.12/turn              (no ring)
MPRegen  0.09/turn              (no ring)

@: no status effects
A: no striking features
a: no special abilities


You were on level 3 of the Dungeon.
You were not hungry.

You visited 1 branch of the dungeon, and saw 3 of its levels.

You collected 119 gold pieces.

Inventory:

Hand Weapons
 a - a +0 war axe
 g - a +0 whip of holy wrath (weapon)
Missiles
 d - 3 throwing nets (quivered)
Armour
 b - a +0 leather armour (worn)
 c - a +0 helmet (worn)
Scrolls
 i - a scroll of recharging {unknown}
 j - a scroll of remove curse {unknown}
 l - a scroll of teleportation {unknown}
 m - 2 scrolls of identify {unknown}
Potions
 e - a potion of mutation {unknown}
 h - 2 potions of brilliance {unknown}
 n - a potion of haste {unknown}
Comestibles
 f - 2 bread rations
 k - a meat ration
 o - 3 chunks of flesh


   Skills:
 - Level 2.0 Fighting
 + Level 5.8 Axes
 - Level 2.0 Throwing
 - Level 3.0 Dodging


You had 4 spell levels left.
You didn't know any spells.

Dungeon Overview and Level Annotations

Branches:
Dungeon (3/15)

Altars:
Qazlal
Ru
Sif Muna
Trog
Wu Jian

Annotations:
D:3 Ijustatesigmund's ghost, amateur TrMo


Message History

You are too injured to fight recklessly!
You are too injured to fight recklessly!
You are too injured to fight recklessly!
You are too injured to fight recklessly!
You are too injured to fight recklessly!
You are too injured to fight recklessly!
You are too injured to fight recklessly!
You are too injured to fight recklessly!
You are too injured to fight recklessly!
You are too injured to fight recklessly!
You are too injured to fight recklessly!
You are too injured to fight recklessly!
You are too injured to fight recklessly!
You are too injured to fight recklessly!
You are too injured to fight recklessly!
You are too injured to fight recklessly!
You are too injured to fight recklessly!
You are too injured to fight recklessly!
Ijustatesigmund's ghost hits you!
You die...

.......#....##........#
.......#....##........#
.......#.#+#####......#
.###........#####.....#
.###............+.....#
................#.....######
..........................>#
.....#+#+#............#####
................@.....#
...........#....W)....#
.......................#
..............#........#
.....#.................#
.....#....###.##.......#
.......................#
...........#........####
......<....+........#


You could see Ijustatesigmund's ghost.

Vanquished Creatures
  An orc wizard (D:3)
  Robin (D:2)
  2 adders (D:2)
  An ooze (D:1)
  4 worms (D:2)
  A dart slug (D:1)
  5 orcs (D:3)
  A giant cockroach (D:2)
  11 hobgoblins
  3 jackals (D:2)
  2 quokkas (D:2)
  10 bats
  A frilled lizard (D:1)
  11 goblins
  6 kobolds
  7 rats
67 creatures vanquished.

Notes
Turn   | Place    | Note
-------+----------+-------------------------------------------
     0 | D:1      | Duffy the Human Gladiator began the quest for the Orb.
     0 | D:1      | Reached XP level 1. HP: 16/16 MP: 1/1
   265 | D:1      | Reached XP level 2. HP: 22/22 MP: 2/2
   688 | D:1      | Reached skill level 4 in Axes
   688 | D:1      | Reached XP level 3. HP: 27/27 MP: 3/3
   874 | D:2      | Noticed Robin
   883 | D:2      | Killed Robin
  1001 | D:2      | Reached XP level 4. HP: 33/33 MP: 4/4
  1023 | D:2      | Found an ornate altar of the Wu Jian Council.
  1240 | D:2      | You fall through a shaft!
  1270 | D:3      | Noticed Ijustatesigmund's ghost (amateur TrMo)
  1280 | D:3      | Reached skill level 5 in Axes
  1282 | D:3      | Reached XP level 5. HP: 27/38 MP: 5/5
  1734 | D:2      | Found a stormy altar of Qazlal.
  1751 | D:2      | Found a deep blue altar of Sif Muna.
  1756 | D:2      | Found a bloodstained altar of Trog.
  2299 | D:3      | HP: 1/38 [Ijustatesigmund's ghost (13)]
  2632 | D:3      | Found a sacrificial altar of Ru.
  3179 | D:3      | Slain by Ijustatesigmund's ghost

Vault maps used:
D:1:      roderic_octagonal_star, minmay_pentomino_r4
D:2:      minitemple, lemuel_crystal_altar, hangedman_decor_push, uniq_robin
D:3:      nicolae_ru_path_of_blood, lightli_corner_chamber

Skill      XL: |  1  2  3  4 |
---------------+-------------+-----
Axes           | 4 5 |  5.8
Fighting       | |  2.0
Throwing       | |  2.0
Dodging        | |  3.0

Action                   |  1- 3 |  4- 6 || total
-------------------------+-------+-------++-------
Melee: War axe           |    55 |   124 ||   179
       Whip              |       |    19 ||    19
  Eat: Chunk             |       |     5 ||     5
       Bread ration      |       |     1 ||     1
Armor: Leather armour    |    16 |    38 ||    54
Dodge: Dodged            |    44 |   142 ||   186
